 Dungeon Crawl Stone Soup version 0.30-a0-305-g026cb31310 (webtiles) character file.

Game seed: 4372250603938015813

142010 themarg the Warrior (level 16, -12/201 HPs)
             Began as a Troll Fighter on Oct 22, 2022.
             Was a High Priest of Jiyva.
             Killed from afar by an ironbound thunderhulk (45 damage)
             ... with a bolt of lightning
             ... on level 2 of the Vaults.
             The game lasted 02:39:42 (20444 turns).

themarg the Warrior (Troll Fighter)                Turns: 20444, Time: 02:39:42

Health: -12/201    AC: 14    Str: 33    XL:     16   Next: 49%
Magic:  15/15      EV: 13    Int:  3    God:    Jiyva [*****.]
Gold:   1410       SH: 12    Dex: 13    Spells: 15/15 levels left

rFire   . . .      SeeInvis .      - Unarmed
rCold   + + .      Faith    .    b - +1 kite shield
rNeg    . . .      Spirit   .    g - +0 troll leather armour
rPois   .          Reflect  .    S - +2 hat
rElec   .          Harm     .    j - +0 cloak
rCorr   +          Rampage  .    (gloves unavailable)
rMut    +          Clarity  +    (boots unavailable)
Will    +....                    (no amulet)
Stlth   +.........               e - +4 ring of slaying
HPRegen 3.57/turn                C - +4 ring of protection
MPRegen 0.59/turn

@: no status effects
A: large, unfitting armour, claws 3, regeneration 1, shaggy fur 1, tough skin 1,
talons 1, agile 1, clarity, cold resistance 2, mutation resistance 3, sense
surroundings 2, robust 1, gelatinous body 1, tendrils, jelly sensing items
}: 1/15 runes: slimy
a: Renounce Religion, Oozemancy, Slimify


You were on level 2 of the Vaults.
You worshipped Jiyva.
Jiyva was extremely pleased with you.
You visited 5 branches of the dungeon, and saw 29 of its levels.
You visited the Abyss 1 time.

You collected 2064 gold pieces.
You spent 654 gold pieces at shops.

Inventory:

Hand Weapons
 K - the +5 dagger "Cipyawk" {freeze, *Noise Will+ MP+9}
   (You found it on level 2 of the Lair of Beasts)

   It freezes those it strikes, dealing additional cold damage.
   It can also slow down cold-blooded creatures.
   MP:        It affects your magic capacity (+9).
   *Noise:    It may make noises in combat.
   Will:      It increases your willpower.
 W - a +0 antimagic morningstar
Missiles
 d - 17 stones (quivered)
 h - 36 poisoned darts
 u - 12 boomerangs
 x - 11 javelins
 E - a curare-tipped dart
 R - 21 large rocks
Armour
 b - a +1 kite shield (worn)
 g - a +0 troll leather armour (worn)
 j - a +0 cloak (worn)
 r - an orb of mayhem
 z - a +1 kite shield of protection
 S - a +2 hat (worn)
Jewellery
 e - a +4 ring of slaying (left claw)
 t - a ring of protection from fire
 C - a +4 ring of protection (right claw)
 Q - a ring of resist corrosion
Wands
 p - a wand of flame (46)
 v - a wand of digging (5)
 y - a wand of polymorph (5)
 H - a wand of charming (6)
 P - a wand of mindburst (3)
Scrolls
 a - a scroll of butterflies {unknown}
 f - 5 scrolls of enchant armour
 i - 6 scrolls of immolation
 m - 2 scrolls of poison
 w - a scroll of fear {unknown}
 A - 3 scrolls of noise
 I - a scroll of magic mapping {unknown}
 J - a scroll of brand weapon {unknown}
 L - 2 scrolls of vulnerability {unknown}
 N - a scroll of blinking
 O - a scroll of enchant weapon {unknown}
Potions
 c - a potion of might
 k - 2 potions of brilliance
 l - 3 potions of magic
 n - 7 potions of curing
 o - 4 potions of degeneration
 q - 4 potions of resistance
 s - 3 potions of attraction
 B - a potion of mutation
 F - 7 potions of ambrosia
 T - a potion of cancellation
 V - a potion of berserk rage
Miscellaneous
 D - a box of beasts


   Skills:
 + Level 17.2 Fighting
 - Level 10.0 Throwing
 - Level 10.0 Dodging
 - Level 10.0 Shields
 - Level 12.0 Unarmed Combat
 - Level 5.0 Evocations


You had 15 spell levels left.
You didn't know any spells.
Your spell library contained the following spells:

 Spells                   Type           Power      Damage    Failure   Level
 Magic Dart               Conj           0%         1d3       77%         1
 Searing Ray              Conj           0%         2d4       88%         2
 Vhi's Electric Charge    Tloc/Air       0%         N/A       98%         3
 Animate Dead             Necr           0%         N/A       100%        4
 Fulminant Prism          Conj/Hex       0%         3d6       100%        4
 Arcjolt                  Conj/Air       0%         1d10      100%        5
 Borgnjor's Vile Clutch   Necr/Erth      0%         N/A       100%        5
 Death Channel            Necr           0%         N/A       100%        6
 Maxwell's Capacitive Co  Air            0%         ∞         100%        8


Dungeon Overview and Level Annotations

Branches:
Dungeon (15/15)            Temple (0/1) D:4            Lair (5/5) D:11
 Shoals (0/4) Lair:3        Snake (0/4) Lair:2        Slime (5/5) Lair:5
    Orc (2/2) D:9             Elf (0/3) Orc:2        Vaults (2/5) D:14
 Depths (0/4) D:15
  Crypt: Vaults:2-3

Altars:
Ashenzari
Dithmenos
Fedhas
Kikubaaqudgha
Makhleb
Qazlal
Ru
Trog
Uskayaw
Vehumet
Wu Jian
Yredelemnul
Zin
The Shining One
Jiyva

Shops:
D:7 (   D:15 [   Orc:2 ![*[

Portals:
Trove: D:11 (give +4 demon trident)

Annotations:
Lair:3 3 exclusions
Slime:5 Royal Jelly


Innate Abilities, Weirdness & Mutations

You are too large for most types of armour.
You have claws for hands.
Your natural rate of healing is unusually fast.
You are covered in fur. (AC +1)
You have tough skin. (AC +1)
You have sharp toenails.
You are agile. (Dex +4, Str/Int -1)
You possess an exceptional clarity of mind.
Your flesh is very cold resistant. (rC++)
You are almost entirely resistant to further mutation and mutation removal.
You passively map the area around you.
You are robust. (+10% HP)
Your rubbery body absorbs attacks. (AC +1, EV +1)
You are covered in slimy tendrils that may disarm your opponents.
You have a small jelly attached to you that senses nearby items.


Message History

The walls burn the deep troll!
The deep troll bites your rockslime but does no damage.
The deep troll claws your rockslime but does no damage. x2
The walls burn the deep troll!
The deep troll bites your rockslime but does no damage.
The deep troll claws your rockslime.
The deep troll claws your rockslime but does no damage.
Something bites your rockslime!!
Something claws your rockslime but does no damage. x2
Your rockslime hits the deep troll.
The deep troll holds its ground!
The walls burn the deep troll!
You kill the deep troll!
The troll leather armour is intact enough to wear.
Something bites your rockslime but does no damage.
Something claws your rockslime but does no damage. x2
Something bites your rockslime! Something claws your rockslime.
Something claws your rockslime but does no damage.
The walls burn the deep troll!
The deep troll bites your rockslime but does no damage.
The deep troll claws your rockslime but does no damage.
The deep troll claws your rockslime!
Your rockslime closely misses the deep troll.
The walls burn the ironbound thunderhulk!
Electricity crackles from the ironbound thunderhulk's apparatus.
The bolt of lightning hits you!!!
* * * LOW HITPOINT WARNING * * *
You shudder from the blast and a jelly pops out!
Something bites your rockslime.
Something claws your rockslime but does no damage.
Something barely misses your rockslime.
The walls burn the deep troll!
The deep troll bites your rockslime.
Your rockslime dies!
Your rockslime dissolves into a puddle of slime!
There is an open door here.
The walls burn the deep troll!
The walls burn the deep troll!
You stop calling forth ooze.
Electricity crackles from the ironbound thunderhulk's apparatus.
The bolt of lightning hits you!!!
You die...

, , ,, , ,, , , , ,,, ,
, , , , , * ** *
#####+#*# , #...#...+ ,
##############.#.#.#.#
#............O.T.#TT.
#..........T.###'#.#.###
,
#............#[.∆)O.?..O
,
#......@..J..#.#.#T#.#.#
,
#....<.......#.$.....,,
, ,
#............###+#§#.#*
#............# ...+
############## , .#,# *
, *.. , , * * ##* ,*


You could see an ironbound thunderhulk, a deep troll and a friendly quicksilver
ooze (summoned).

Vanquished Creatures
  3 tentacled starspawn (Abyss:2)
  An orc warlord (Orc:1)
  An ironbound thunderhulk (Vaults:1)
  A purple draconian (Abyss:2)
  2 crystal guardians (Vaults:1)
  Snorg (Lair:3)
  Josephine (D:13)
  A yaktaur captain (Vaults:1)
  4 vault guards (D:14)
  The ghost of SirDiesAlot the Thaumaturge, a journeyman DEEE (D:12)
  A rakshasa (Abyss:2)
  Erolcha (D:10)
  7 catoblepae
  A peacekeeper (Vaults:1)
  The ghost of purpskrrrp the Bludgeoner, a journeyman TrFi of Hepliaklqana (D:12)
  2 ogre magi (Orc:2)
  9 hydras
  Harold (D:11)
  2 ironbound frosthearts (Vaults:1)
  8 centaur warriors
  10 death yaks (Lair:5)
  7 boulder beetles
  A tengu warrior (D:15)
  2 thrashing horrors (Abyss:2)
  7 two-headed ogres
  9 skeletal warriors
  2 wretched stars (Abyss:2)
  4 deep trolls
  Lodul (D:12)
  Pikel (D:7)
  3 wizards
  4 deep elf pyromancers
  3 harpies (Vaults:1)
  2 lindwurms (Vaults:1)
  An ironbound convoker (Vaults:1)
  A wolf spider (D:15)
  4 manticores
  6 ugly things
  4 cyclopes
  19 elephants
  2 centaur zombies (D:12)
  A worldbinder (Abyss:2)
  An elephant (shapeshifter) (D:14)
  3 vault sentinels (Vaults:1)
  A smoke demon (Abyss:2)
  An apocalypse crab (Abyss:2)
  3 black mambas
  A rust devil (Abyss:2)
  3 gargoyles
  Joseph (D:10)
  Maggie (D:7)
  11 cane toads
  A demonic crawler (Abyss:2)
  3 kobold demonologists
  2 rime drakes
  3 freezing wraiths
  10 komodo dragons
  4 yaktaurs
  3 efreet
  9 meliai
  A queen bee (D:12)
  2 ancient zymes (Abyss:2)
  A hornet (Lair:3)
  11 trolls
  A polar bear (Lair:2)
  20 blink frogs
  A blink frog (shapeshifter) (D:15)
  Prince Ribbit (D:7)
  6 dream sheep (Lair:4)
  A raiju (Abyss:2)
  2 large abominations (Abyss:2)
  3 shadows
  6 wyverns
  6 wraiths
  2 basilisks
  55 yaks
  A vampire (Abyss:2)
  A human (shapeshifter) (D:14)
  A warg (Orc:1)
  4 nagas (Lair:2)
  13 vampire mosquitoes
  Menkaure (D:7)
  2 acid dragons
  Edmund (D:5)
  18 water moccasins
  24 orc warriors
  5 starcursed masses (Abyss:2)
  2 boggarts (D:14)
  3 black bears
  27 ogres
  16 centaurs
  2 lemures (D:7)
  5 wolves
  A phantom (D:4)
  2 kobold brigands
  15 bullfrogs
  2 necrophages
  9 wights
  28 killer bees
  3 electric eels (Lair:4)
  3 howler monkeys (D:12)
  A quasit (Abyss:2)
  A hound (D:6)
  Crazy Yiuf (D:7)
  13 orc priests
  10 orc wizards
  Ijyb (D:5)
  6 hell rats (Lair:3)
  A river rat (Lair:3)
  7 adders
  A shadow imp (D:7)
  3 white imps
  2 ufetubi
  A worm (D:4)
  A dart slug (D:5)
  57 orcs
  3 ball pythons (D:3)
  4 bats
  2 giant cockroaches (D:4)
  3 hobgoblins
  8 jackals
  A quokka (D:2)
  3 frilled lizards (D:1)
  9 goblins
  8 kobolds
  6 rats
665 creatures vanquished.

Vanquished Creatures (collateral kills)
  A fire giant (D:15)
  An ironbound preserver (Vaults:2)
  A centaur warrior (Vaults:1)
  A two-headed ogre (D:10)
  An ugly thing (Vaults:1)
  A cyclops (D:15)
  A wraith (D:11)
  3 centaurs (D:11)
  A bullfrog (D:11)
11 creatures vanquished.

Vanquished Creatures (others)
  Jorgrun (Orc:1)
  An acid blob (Orc:2)
  A great orb of eyes (Vaults:2)
  A hydra (D:14)
  2 two-headed ogres
  A wizard (Vaults:1)
  An orc sorcerer (Orc:2)
  A vault sentinel (Vaults:1)
  2 eyes of devastation (Abyss:2)
  A rime drake (Lair:4)
  2 slime creatures
  A troll (Orc:2)
  3 golden eyes (Abyss:2)
  A water moccasin (Lair:5)
  A hell hound (Abyss:2)
  An orc warrior (Orc:1)
  2 ogres
  2 centaurs
  3 boggarts (D:14)
  A starcursed mass (Abyss:2)
  A quasit (Abyss:2)
  2 orc priests
  63 jellies
  An orc wizard (D:8)
  3 river rats (Lair:3)
  A white imp (D:8)
  3 ufetubi
  9 orcs
  A bat (D:2)
  3 endoplasms
  4 goblins
  2 hobgoblins
  2 ball pythons (D:2)
  9 frilled lizards
  A kobold (D:4)
  4 rats
  91 fungi
  3 lurking horrors (Abyss:2)
  157 plants
  7 starspawn tentacles (Abyss:2)
396 creatures vanquished.

Grand Total: 1072 creatures vanquished

Notes
Turn   | Place    | Note
-------+----------+-------------------------------------------
     0 | D:1      | themarg the Troll Fighter began the quest for the Orb.
     0 | D:1      | Reached XP level 1. HP: 22/22 MP: 0/0
    55 | D:1      | Found a faded altar of an unknown god.
    72 | D:1      | Prayed at the altar of an unknown god.
    72 | D:1      | Became a worshipper of Jiyva Joulel the Shapeless
    72 | D:1      | Reached * piety under Jiyva
   501 | D:1      | Reached ** piety under Jiyva
   988 | D:2      | Reached XP level 2. HP: 29/29 MP: 1/1
  1039 | D:2      | Reached XP level 3. HP: 35/36 MP: 2/2
  1082 | D:2      | Reached *** piety under Jiyva
  1916 | D:3      | Found a blossoming altar of Fedhas.
  1919 | D:3      | Reached **** piety under Jiyva
  1919 | D:3      | Gained mutation: Your body has grown eyes which may confuse
                  | attackers. (Acc +3) [Jiyva's grace]
  1919 | D:3      | Gained mutation: Your body has grown many eyes which may
                  | confuse attackers. (Acc +5) [Jiyva's grace]
  1919 | D:3      | Gained mutation: Your body is covered in eyes which may
                  | confuse attackers. (Acc +7, SInv) [Jiyva's grace]
  1919 | D:3      | Gained mutation: You are partially covered in iridescent
                  | scales. (AC +2) [Jiyva's grace]
  2003 | D:3      | Found a transporter.
  2003 | D:3      | Noticed an ogre
  2004 | D:3      | Noticed a black bear
  2015 | D:3      | Found a transporter.
  2024 | D:3      | Found a glowing golden altar of the Shining One.
  2024 | D:3      | Found a stormy altar of Qazlal.
  2024 | D:3      | Found a burning altar of Makhleb.
  2149 | D:4      | Noticed a necrophage
  2161 | D:4      | Killed a necrophage
  2162 | D:4      | Reached XP level 4. HP: 43/44 MP: 3/3
  2216 | D:4      | Found a staircase to the Ecumenical Temple.
  2224 | D:4      | Reached skill level 5 in Unarmed Combat
  2378 | D:4      | Noticed a phantom
  2390 | D:4      | Killed a phantom
  2391 | D:4      | Reached XP level 5. HP: 50/50 MP: 4/4
  2580 | D:4      | Found an ancient bone altar of Kikubaaqudgha.
  2580 | D:4      | Found a radiant altar of Vehumet.
  2588 | D:4      | Found a hide-covered altar of Uskayaw.
  2590 | D:4      | Found a sacrificial altar of Ru.
  2592 | D:4      | Found a faded altar of an unknown god.
  2770 | D:5      | Entered Level 5 of the Dungeon
  2770 | D:5      | Noticed Edmund
  2817 | D:5      | Noticed Ijyb
  2821 | D:5      | Killed Ijyb
  2884 | D:5      | Noticed a centaur
  2896 | D:5      | Killed a centaur
  2897 | D:5      | Reached XP level 6. HP: 50/59 MP: 5/5
  2909 | D:5      | Killed Edmund
  2998 | D:5      | Reached XP level 7. HP: 64/66 MP: 6/6
  3452 | D:6      | Found a glowing silver altar of Zin.
  3481 | D:6      | Found a shadowy altar of Dithmenos.
  3532 | D:6      | Reached XP level 8. HP: 66/74 MP: 7/7
  3644 | D:6      | Reached skill level 10 in Unarmed Combat
  3773 | D:7      | Reached skill level 3 in Fighting
  3856 | D:7      | Noticed Pikel
  3857 | D:7      | Noticed Menkaure
  3873 | D:7      | Killed Pikel
  3874 | D:7      | Reached skill level 4 in Fighting
  3874 | D:7      | Reached XP level 9. HP: 77/85 MP: 8/8
  3885 | D:7      | Killed Menkaure
  4016 | D:7      | Noticed Prince Ribbit
  4020 | D:7      | Killed Prince Ribbit
  4021 | D:7      | Reached skill level 5 in Fighting
  4021 | D:7      | Reached skill level 5 in Dodging
  4099 | D:7      | Noticed Maggie
  4110 | D:7      | Killed Maggie
  4177 | D:7      | Found Jerhedi's Weapon Shoppe.
  4439 | D:7      | Reached skill level 1 in Throwing
  4562 | D:7      | Found a runed translucent door.
  4563 | D:7      | Noticed Crazy Yiuf
  4570 | D:7      | Killed Crazy Yiuf
  4697 | D:8      | Reached ***** piety under Jiyva
  4776 | D:8      | Lost mutation: Your body is covered in eyes which may
                  | confuse attackers. (Acc +7, SInv) [Jiyva's grace]
  4776 | D:8      | Gained mutation: Your flesh is cold resistant. (rC+)
                  | [Jiyva's grace]
  4776 | D:8      | Gained mutation: Your flesh is very cold resistant. (rC++)
                  | [Jiyva's grace]
  4776 | D:8      | Gained mutation: Your flesh is almost immune to the effects
                  | of cold. (rC+++) [Jiyva's grace]
  4776 | D:8      | Gained mutation: Your body is covered in eyes which may
                  | confuse attackers. (Acc +7, SInv) [Jiyva's grace]
  4825 | D:8      | Found a viscous altar of Jiyva.
  4930 | D:9      | Noticed a centaur warrior
  4933 | D:9      | Noticed a centaur warrior
  5162 | D:8      | Reached skill level 6 in Fighting
  5244 | D:8      | Reached XP level 10. HP: 81/98 MP: 9/9
  5680 | D:9      | Killed a centaur warrior
  5688 | D:9      | Found an ornate altar of the Wu Jian Council.
  5755 | D:9      | Killed a centaur warrior
  5927 | D:9      | Found a staircase to the Orcish Mines.
  5985 | D:9      | Gained mutation: You have hidden genetic potential.
                  | [Jiyva's grace]
  5985 | D:9      | Gained mutation: You have great hidden genetic potential.
                  | [Jiyva's grace]
  5985 | D:9      | Gained mutation: Your movements are slightly less
                  | encumbered by armour. (ER -2) [Jiyva's grace]
  5985 | D:9      | Gained mutation: Your movements are less encumbered by
                  | armour. (ER -4) [Jiyva's grace]
  6065 | D:9      | Reached skill level 7 in Fighting
  6117 | D:9      | Found a bloodstained altar of Trog.
  6529 | D:10     | Entered Level 10 of the Dungeon
  6541 | D:10     | Noticed a two-headed ogre
  6549 | D:10     | Killed a two-headed ogre
  6550 | D:10     | Reached skill level 5 in Throwing
  6599 | D:10     | Noticed Joseph
  6609 | D:10     | Killed Joseph
  6610 | D:10     | Reached XP level 11. HP: 69/109 MP: 10/10
  6817 | D:10     | Reached ****** piety under Jiyva
  6849 | D:10     | Noticed Erolcha
  6864 | D:10     | Killed Erolcha
  7196 | D:11     | Found a staircase to the Lair.
  7209 | D:11     | Noticed a two-headed ogre
  7211 | D:11     | HP: 1/109 [gargoyle/+0 mace (16)]
  7297 | D:11     | Killed a two-headed ogre
  7305 | D:11     | Gained mutation: You have a pair of small antennae on your
                  | head. [hidden potential]
  7347 | D:11     | Reached skill level 5 in Shields
  7432 | D:11     | Noticed a boulder beetle
  7450 | D:11     | HP: 1/109 [shot self (11)]
  7502 | D:11     | Killed a boulder beetle
  7687 | D:11     | Found a portal to a secret trove of treasure.
  7727 | D:11     | Noticed Harold
  7737 | D:11     | Killed Harold
  8049 | D:12     | Lost mutation: You are partially covered in iridescent
                  | scales. (AC +2) [Jiyva's grace]
  8049 | D:12     | Lost mutation: Your flesh is almost immune to the effects
                  | of cold. (rC+++) [Jiyva's grace]
  8049 | D:12     | Lost mutation: Your body is covered in eyes which may
                  | confuse attackers. (Acc +7, SInv) [Jiyva's grace]
  8049 | D:12     | Lost mutation: You have great hidden genetic potential.
                  | [Jiyva's grace]
  8049 | D:12     | Gained mutation: You have large cloven feet. [Jiyva's
                  | grace]
  8049 | D:12     | Gained mutation: You have hoof-like feet. [Jiyva's grace]
  8049 | D:12     | Gained mutation: You have hooves in place of feet. [Jiyva's
                  | grace]
  8049 | D:12     | Gained mutation: You have a small jelly attached to you
                  | that may absorb projectiles. [Jiyva's grace]
  8073 | D:12     | Noticed a wizard
  8078 | D:12     | Killed a wizard
  8079 | D:12     | Reached skill level 1 in Evocations
  8133 | D:12     | Noticed a seven-headed hydra
  8137 | D:12     | Killed a seven-headed hydra
  8219 | D:12     | Noticed a sun demon
  8228 | D:12     | Reached XP level 12. HP: 108/118 MP: 11/11
  8408 | D:12     | Found a runed translucent gate.
  8408 | D:12     | Found a runed translucent gate.
  8408 | D:12     | Found a runed translucent gate.
  8408 | D:12     | Noticed purpskrrrp's ghost (journeyman TrFi)
  8410 | D:12     | Found a basalt altar of Yredelemnul.
  8423 | D:12     | Gained mutation: You passively dampen the noise of your
                  | surroundings. [hidden potential]
  8423 | D:12     | Lost mutation: You have hidden genetic potential. [hidden
                  | potential expressed]
  8561 | D:12     | Reached skill level 10 in Throwing
  8597 | D:12     | Found a runed translucent gate.
  8597 | D:12     | Found a runed translucent gate.
  8597 | D:12     | Found a runed translucent gate.
  8601 | D:12     | Noticed SirDiesAlot's ghost (journeyman DEEE)
  8601 | D:12     | Identified the +11 plate armour of Unixt {rC+ Dex+4}
  8891 | D:13     | Noticed Josephine
  8894 | D:13     | Reached skill level 5 in Evocations
  8900 | D:13     | Killed Josephine
  9147 | D:13     | Noticed Lodul
  9158 | D:12     | Killed Lodul
  9323 | D:13     | Reached skill level 8 in Fighting
  9375 | D:13     | Noticed a two-headed ogre
  9380 | D:13     | Killed a two-headed ogre
  9416 | D:13     | Noticed a boulder beetle
  9433 | D:13     | Killed a boulder beetle
  9433 | D:13     | Noticed an eight-headed hydra
  9501 | D:13     | Killed an eight-headed hydra
  9502 | D:13     | Reached XP level 13. HP: 98/128 MP: 12/12
  9637 | Lair:1   | Entered Level 1 of the Lair of Beasts
  9803 | Lair:1   | Lost mutation: Your flesh is very cold resistant. (rC++)
                  | [Jiyva's grace]
  9803 | Lair:1   | Lost mutation: You have a small jelly attached to you that
                  | may absorb projectiles. [Jiyva's grace]
  9803 | Lair:1   | Lost mutation: Your movements are less encumbered by
                  | armour. (ER -4) [Jiyva's grace]
  9803 | Lair:1   | Gained mutation: You are strong-willed. (Will+) [Jiyva's
                  | grace]
  9803 | Lair:1   | Gained mutation: You are highly strong-willed. (Will++)
                  | [Jiyva's grace]
  9803 | Lair:1   | Gained mutation: You are extremely strong-willed. (Will+++)
                  | [Jiyva's grace]
  9803 | Lair:1   | Gained mutation: You are covered in thick fur. (AC +2)
                  | [Jiyva's grace]
  9988 | Lair:1   | Reached skill level 9 in Fighting
 10516 | Lair:2   | Identified the +5 dagger "Cipyawk" {freeze, *Noise Will+
                  | MP+9}
 10812 | Lair:2   | Reached skill level 10 in Fighting
 10884 | Lair:2   | Found a staircase to the Snake Pit.
 10893 | Lair:2   | Reached skill level 10 in Dodging
 11067 | Lair:2   | Lost mutation: You are extremely strong-willed. (Will+++)
                  | [Jiyva's grace]
 11067 | Lair:2   | Lost mutation: You are highly strong-willed. (Will++)
                  | [Jiyva's grace]
 11067 | Lair:2   | Lost mutation: You are covered in thick fur. (AC +2)
                  | [Jiyva's grace]
 11067 | Lair:2   | Lost mutation: Your body has grown many eyes which may
                  | confuse attackers. (Acc +5) [Jiyva's grace]
 11067 | Lair:2   | Gained mutation: You are agile. (Dex +4, Str/Int -1)
                  | [Jiyva's grace]
 11067 | Lair:2   | Gained mutation: You are very agile. (Dex +8, Str/Int -2)
                  | [Jiyva's grace]
 11067 | Lair:2   | Gained mutation: You are covered in slimy tendrils that may
                  | disarm your opponents. [Jiyva's grace]
 11067 | Lair:2   | Gained mutation: Your rubbery body absorbs attacks. (AC +1,
                  | EV +1) [Jiyva's grace]
 11639 | Lair:3   | You fall into a shaft and drop 2 floors!
 11639 | Lair:5   | Entered Level 5 of the Lair of Beasts
 11713 | Lair:5   | Found a staircase to the Slime Pits.
 11713 | Lair:5   | Found a viscous altar of Jiyva.
 11723 | Slime:1  | Entered Level 1 of the Pits of Slime
 11723 | Slime:1  | Noticed an acid blob
 11725 | Slime:1  | Noticed an acid blob
 11730 | Slime:2  | Noticed a quicksilver ooze
 11730 | Slime:2  | Noticed an acid blob
 11758 | Slime:5  | Entered Level 5 of the Pits of Slime
 11758 | Slime:5  | Noticed a rockslime
 11758 | Slime:5  | Noticed a rockslime
 11778 | Slime:5  | Found a viscous altar of Jiyva.
 11780 | Slime:5  | Noticed a quicksilver ooze
 11781 | Slime:5  | Noticed an acid blob
 11781 | Slime:5  | Noticed an acid blob
 11781 | Slime:5  | Noticed an azure jelly
 11782 | Slime:5  | Noticed an acid blob
 11782 | Slime:5  | Noticed an azure jelly
 11784 | Slime:5  | Noticed a rockslime
 11786 | Slime:5  | Noticed an acid blob
 11786 | Slime:5  | Noticed an acid blob
 11792 | Slime:5  | Noticed an acid blob
 11793 | Slime:5  | Got a slimy rune of Zot
 11793 | Slime:5  | Noticed the Royal Jelly
 11867 | Slime:2  | Noticed a rockslime
 11883 | Slime:1  | Noticed an azure jelly
 11884 | Slime:1  | Noticed an azure jelly
 11968 | Lair:5   | Reached XP level 14. HP: 126/144 MP: 13/13
 12090 | Lair:5   | Reached skill level 11 in Fighting
 12772 | Lair:5   | Identified the +5 scale mail of Zacud {Harm +Inv Str-4
                  | Dex+7}
 12902 | Lair:4   | Noticed Nessos
 13167 | Lair:3   | Lost mutation: You passively dampen the noise of your
                  | surroundings. [Jiyva's grace]
 13167 | Lair:3   | Gained mutation: You are somewhat resistant to further
                  | mutation. [Jiyva's grace]
 13167 | Lair:3   | Gained mutation: You are somewhat resistant to both further
                  | mutation and mutation removal. [Jiyva's grace]
 13167 | Lair:3   | Gained mutation: You are almost entirely resistant to
                  | further mutation and mutation removal. [Jiyva's grace]
 13167 | Lair:3   | Gained mutation: Your pliable body absorbs attacks. (AC +2,
                  | EV +2) [Jiyva's grace]
 13170 | Lair:3   | Reached skill level 12 in Fighting
 13254 | Lair:3   | Found a staircase to the Shoals.
 13416 | Lair:3   | Noticed Snorg
 13424 | Lair:3   | Killed Snorg
 14116 | Lair:4   | Reached skill level 10 in Shields
 14241 | Lair:4   | Reached XP level 15. HP: 84/158 MP: 14/14
 14468 | Lair:4   | Slimified Nessos
 14468 | Lair:4   | Nessos changed into Nessos the azure jelly
 14468 | Lair:4   | Noticed Nessos
 15017 | D:7      | Bought 8 stones for 12 gold pieces
 15017 | D:7      | Bought 5 stones for 7 gold pieces
 15255 | Orc:1    | Entered Level 1 of the Orcish Mines
 15265 | Orc:1    | Noticed Jorgrun
 15467 | Orc:2    | Entered Level 2 of the Orcish Mines
 15554 | Orc:1    | a two-headed ogre changed into an azure jelly
 15554 | Orc:1    | Noticed an azure jelly
 15581 | Orc:1    | Killed Jorgrun
 15645 | Orc:2    | Noticed Saint Roka
 15671 | Orc:2    | Reached skill level 13 in Fighting
 15679 | Orc:2    | Slimified Saint Roka
 15679 | Orc:2    | Saint Roka changed into Saint Roka the acid blob
 15679 | Orc:2    | Noticed Saint Roka
 15697 | Orc:2    | Killed Saint Roka the acid blob
 16146 | Orc:2    | Found Wualener's Armour Emporium.
 16155 | Orc:2    | Found Daosh's Armour Emporium.
 16157 | Orc:2    | Found Petirom's Distillery.
 16159 | Orc:2    | Found a staircase to the Elven Halls.
 16160 | Orc:2    | Lost mutation: You are very agile. (Dex +8, Str/Int -2)
                  | [Jiyva's grace]
 16160 | Orc:2    | Lost mutation: Your flesh is cold resistant. (rC+) [Jiyva's
                  | grace]
 16160 | Orc:2    | Lost mutation: Your body has grown eyes which may confuse
                  | attackers. (Acc +3) [Jiyva's grace]
 16160 | Orc:2    | Gained mutation: You have a small jelly attached to you
                  | that senses nearby items. [Jiyva's grace]
 16160 | Orc:2    | Gained mutation: You passively map a small area around you.
                  | [Jiyva's grace]
 16160 | Orc:2    | Gained mutation: You passively map the area around you.
                  | [Jiyva's grace]
 16160 | Orc:2    | Gained mutation: You passively map a large area around you.
                  | [Jiyva's grace]
 16163 | Orc:2    | Bought a +2 hat for 160 gold pieces
 16170 | Orc:2    | Found Jota Raa's General Store.
 16174 | Orc:2    | Bought a potion of cancellation for 104 gold pieces
 16174 | Orc:2    | Bought a potion of heal wounds for 65 gold pieces
 16174 | Orc:2    | Bought a potion of heal wounds for 65 gold pieces
 16174 | Orc:2    | Bought a potion of berserk rage for 65 gold pieces
 16179 | Orc:2    | Bought a potion of resistance for 130 gold pieces
 16179 | Orc:2    | Bought 6 stones for 7 gold pieces
 16179 | Orc:2    | Bought a potion of curing for 39 gold pieces
 17196 | D:12     | Killed purpskrrrp's ghost
 17258 | D:12     | Killed SirDiesAlot's ghost
 17259 | D:12     | Reached skill level 14 in Fighting
 17461 | D:14     | Found a gate to the Vaults.
 17938 | D:14     | Reached skill level 15 in Fighting
 18157 | D:15     | Entered Level 15 of the Dungeon
 18209 | D:15     | Found a staircase to the Depths.
 18209 | D:15     | Noticed a fire giant
 18210 | D:15     | Found Ciejoq's Antique Armour Boutique.
 18226 | D:15     | Killed a fire giant
 18325 | D:15     | Found a broken altar of Ashenzari.
 18327 | D:15     | Lost mutation: You are almost entirely resistant to further
                  | mutation and mutation removal. [Jiyva's grace]
 18327 | D:15     | Lost mutation: You passively map a large area around you.
                  | [Jiyva's grace]
 18327 | D:15     | Lost mutation: Your pliable body absorbs attacks. (AC +2,
                  | EV +2) [Jiyva's grace]
 18327 | D:15     | Lost mutation: You have a small jelly attached to you that
                  | senses nearby items. [Jiyva's grace]
 18327 | D:15     | Lost mutation: Your movements are slightly less encumbered
                  | by armour. (ER -2) [Jiyva's grace]
 18327 | D:15     | Gained mutation: Your flesh is cold resistant. (rC+)
                  | [Jiyva's grace]
 18327 | D:15     | Gained mutation: Your flesh is very cold resistant. (rC++)
                  | [Jiyva's grace]
 18327 | D:15     | Gained mutation: Your flesh is almost immune to the effects
                  | of cold. (rC+++) [Jiyva's grace]
 18327 | D:15     | Gained mutation: You expend magic power (3 MP) to
                  | strengthen your wands. [Jiyva's grace]
 18328 | D:15     | Noticed Louise
 18332 | D:15     | Slimified Louise
 18332 | D:15     | Louise changed into Louise the acid blob
 18332 | D:15     | Noticed Louise
 18750 | Vaults:1 | Entered Level 1 of the Vaults
 18850 | Vaults:1 | Reached XP level 16. HP: 46/179 MP: 15/15
 18935 | Vaults:1 | Reached skill level 16 in Fighting
 18997 | Abyss:2  | Found a corrupted altar of Lugonu.
 18997 | Abyss:2  | Cast into level 2 of the Abyss (a wizard)
 19110 | Abyss:2  | Noticed a tentacled starspawn
 19122 | Abyss:2  | Killed a tentacled starspawn
 19164 | Abyss:2  | Paralysed by accursed screaming for 2 turns
 19182 | Abyss:2  | Lost intelligence.
 19198 | Abyss:2  | Noticed a tentacled starspawn
 19210 | Abyss:2  | Killed a tentacled starspawn
 19214 | Abyss:2  | Lost mutation: You are strong-willed. (Will+) [potion of
                  | mutation]
 19214 | Abyss:2  | Gained mutation: You are robust. (+10% HP) [potion of
                  | mutation]
 19215 | Abyss:2  | Lost mutation: You have a pair of small antennae on your
                  | head. [potion of mutation]
 19215 | Abyss:2  | Gained mutation: You possess an exceptional clarity of
                  | mind. [potion of mutation]
 19232 | Abyss:2  | Noticed a tentacled starspawn
 19286 | Abyss:2  | Noticed a tentacled starspawn
 19302 | Abyss:2  | Killed a tentacled starspawn
 19305 | Vaults:1 | Escaped the Abyss
 19833 | Vaults:1 | Reached skill level 17 in Fighting
 20141 | Vaults:1 | Lost mutation: You have hooves in place of feet. [Jiyva's
                  | grace]
 20141 | Vaults:1 | Lost mutation: Your flesh is almost immune to the effects
                  | of cold. (rC+++) [Jiyva's grace]
 20141 | Vaults:1 | Lost mutation: You are somewhat resistant to both further
                  | mutation and mutation removal. [Jiyva's grace]
 20141 | Vaults:1 | Lost mutation: You expend magic power (3 MP) to strengthen
                  | your wands. [Jiyva's grace]
 20141 | Vaults:1 | Gained mutation: You are somewhat resistant to both further
                  | mutation and mutation removal. [Jiyva's grace]
 20141 | Vaults:1 | Gained mutation: You are almost entirely resistant to
                  | further mutation and mutation removal. [Jiyva's grace]
 20141 | Vaults:1 | Gained mutation: You have a small jelly attached to you
                  | that senses nearby items. [Jiyva's grace]
 20141 | Vaults:1 | Lost mutation: You have hoof-like feet. [Jiyva's grace]
 20141 | Vaults:1 | Lost mutation: You have large cloven feet. [Jiyva's grace]
 20141 | Vaults:1 | Gained mutation: You have sharp toenails. [Jiyva's grace]
 20437 | Vaults:2 | HP: 8/201 [ironbound thunderhulk/bolt of lightning (63)]
 20444 | Vaults:2 | Killed from afar by an ironbound thunderhulk

Illustrated notes

Levels and vault maps discovered:
D:1:      dpeg_arrival_simpleton_b, layout_loops_ring, serial_co_window_serial,
          co_window_of_opportunity_a, co_window_of_opportunity_a,
          co_window_corner_a, co_window_corner_a, co_window_of_opportunity_a,
          co_window_paths_a, co_window_of_opportunity_a, co_window_broadway_a,
          co_window_corner_b, co_window_unsneaky_path_b, co_window_corner_b,
          co_window_broadway_a, co_window_unsneaky_path_b, co_window_broadway_b,
          co_window_paths_d, glass_columns_c, glass_columns_a, glass_columns_c,
          glass_columns_b, glass_columns_b,
          chequers_ecumenical_altar_simple_redux, minmay_lizard_pond
D:2:      layout_loops_ring
D:3:      layout_loops_ring, mainiacjoe_overflow_alcove_2,
          gammafunk_temple_overflow_arena
D:4:      layout_loops_ring, chequers_temple_overflow_minitemple,
          minmay_temple_entry_sparse_star
D:5:      layout_rooms, item_on_display_a, uniq_ijyb, uniq_edmund
D:6:      layout_rooms, nicolae_overflow_hidden_temple, marbit_many_paths
D:7:      layout_basic, reono_crystal_passage, nicolae_stop_n_shop_2,
          dk_noncrumbling_4, uniq_pikel, uniq_maggie, uniq_crazy_yiuf_cottage,
          uniq_prince_ribbit1, uniq_menkaure
D:8:      kennysheep_spiral_hall, layout_basic, jiyva_altar_1
D:9:      layout_loops_ring, lemuel_round_altar, mainiacjoe_overflow_boulevard,
          orc_0_dummy, enter_bailey_5, st_stairs_7, minivault_20
D:10:     layout_irregular_city, uniq_joseph, uniq_erolcha
D:11:     layout_irregular_city, due_lair_maze_entry_diamond,
          nicolae_trove_entry_free_sample, uniq_harold
D:12:     layout_roguey [special_room_bee], biasface_ghost_orc_armoury,
          nicolae_yredelemnul_ghost_church
D:13:     layout_irregular_city, uniq_josephine, uniq_lodul
D:14:     layout_loops_ring, lightli_vaults_fourway_checkpoint,
          serial_bayou_pond_d
D:15:     grunt_enter_depths_giant_problem, layout_cave_pools,
          cheibrodos_ashenzari_chains, serial_shops, shop,
          hangedman_abyss_or_decor_clamps, uniq_louise
Lair:1:   layout_regular_city, chequers_serial_rivers_large_a
Lair:2:   layout_small_grid, minmay_snake_entry_guardpost_small, st_stairs_9,
          grunt_megastairs_1, infiniplex_staircase_pool
Lair:3:   layout_chaotic_city, minmay_shoals_entry_centaurs,
          gauntlet_entry_generic, kennysheep_abandoned_house, uniq_snorg
Lair:4:   layout_cave_pods, chequers_serial_rivers_small_b,
          serial_bayou_shore_a, uniq_nessos
Lair:5:   evilmike_catoblepas_cave, layout_misc_corridors, slime_entry_1,
          lookout_lair_type
Slime:1:  layout_caves, uniq_donald
Slime:2:  layout_caves, nicolae_slime_phagocytosis
Slime:3:  layout_caves
Slime:4:  layout_caves
Slime:5
Orc:1:    layout_caves, mines2_lemuel, uniq_jorgrun
Orc:2:    st_orc_open, layout_diamond_mine, uniq_saint_roka
Vaults:1: vaults_room_hallway, serial_ice_b, grunt_vaults_hallway_short,
          nicolae_vaults_hallways_thing, nicolae_vaults_asterisk,
          layout_vaults_omnigrid
Vaults:2: portal_desolation_entry_ruin, nicolae_vaults_little_squares_5,
          grunt_vaults_swirl, v_alt_pattern_2, special_room_vaults
          [special_room_orc], v_rooms_3, v_misc_4, vaults_dpeg_spiral,
          nicolae_vaults_gold_heap, vaults_dpeg_ring, layout_vaults_omnicross,
          uniq_sojobo

Skill      XL: |  1  2  3  4  5  6  7  8  9 10 11 12 13 14 15 16 |
---------------+-------------------------------------------------+-----
Unarmed Combat | 3 4 5 6 7 9 10 12 | 12.0
Fighting       | 4 6 7 8 10 12 15 17 | 17.2
Dodging        | 4 5 7 8 10 | 10.0
Throwing       | 2 5 9 10 | 10.0
Shields        | 5 6 10 | 10.0
Evocations     | 2 5 |  5.0

Action                   |  1- 3 |  4- 6 |  7- 9 | 10-12 | 13-15 | 16-18 || total
-------------------------+-------+-------+-------+-------+-------+-------++-------
Melee: Unarmed           |    88 |    52 |   146 |   287 |   979 |   185 ||  1737
       Kick              |       |       |       |    41 |   393 |    84 ||   518
Throw: Stone             |       |       |     6 |    50 |    51 |    15 ||   122
       Javelin           |       |       |       |     3 |     2 |       ||     5
       Large rock        |       |       |       |       |     2 |       ||     2
Invok: Oozemancy         |       |     2 |     1 |     6 |     6 |     3 ||    18
       Slimify           |       |       |       |       |     4 |     1 ||     5
Evoke: Wand              |       |       |       |     4 |     8 |       ||    12
       Box of beasts     |       |       |       |       |       |     1 ||     1
  Use: Scroll            |     1 |       |     7 |     3 |    10 |     3 ||    24
       Potion            |       |       |     1 |     1 |     5 |     7 ||    14
 Stab: Confused          |       |     1 |     5 |     5 |    14 |       ||    25
       Petrified         |       |       |       |       |     6 |       ||     6
Armor: Robe              |    32 |     9 |    28 |    67 |   158 |       ||   294
       Troll leather arm |       |       |       |       |    70 |    85 ||   155
       Skin              |       |       |       |       |    42 |       ||    42
Dodge: Dodged            |    31 |    18 |    48 |   116 |   449 |   101 ||   763
Block: Kite shield       |    27 |    11 |    47 |   115 |   545 |   143 ||   888

Table legend: (Time is in decaauts)
 A = Elapsed time spent in this place.
 B = Non-inter-level travel time spent in this place.
 C = Inter-level travel time spent in this place.
 D = Time resting spent in this place.
 E = Time spent auto-exploring this place.
 F = Levels seen in this place.
 G = Mean time per level.
                   A        B        C        D        E       F      G
               +--------+--------+--------+--------+--------+-----+--------+
         Total |  20287 |  18686 |   1601 |    858 |  11475 |  30 |  676.2 |
       Dungeon |  11643 |  10592 |   1051 |    537 |   7785 |  15 |  776.2 |
          Lair |   5111 |   4807 |    304 |    180 |   2696 |   5 | 1022.2 |
    Slime Pits |    150 |     98 |     52 |      0 |      0 |   5 |   30.0 |
  Orcish Mines |   1813 |   1667 |    146 |     70 |    567 |   2 |  906.5 |
        Vaults |   1247 |   1200 |     47 |     55 |    362 |   2 |  623.5 |
         Abyss |    321 |    321 |      0 |     16 |     64 |   1 |  321.0 |
               +--------+--------+--------+--------+--------+-----+--------+

Top non-repeatable levels by time:
  Lair:4: 1361 daAuts
Vaults:1: 1210 daAuts
     D:8: 1067 daAuts
     D:7: 1013 daAuts
  Lair:5: 1005 daAuts
     D:1: 984 daAuts
  Lair:3: 964 daAuts
   Orc:1: 946 daAuts
    D:12: 935 daAuts
    D:14: 931 daAuts
  Lair:2: 926 daAuts
    D:11: 884 daAuts
     D:9: 867 daAuts
   Orc:2: 866 daAuts
  Lair:1: 854 daAuts
